 Dungeon Crawl Stone Soup version 0.30.0-17-ge0270778cf (webtiles) character file.

Game seed: 5345601177668786545

56 monsoonserge the Grave Robber (level 4, 0/24 HPs)
             Began as a Kobold Necromancer on May 21, 2023.
             Slain by a gnoll
             ... wielding a +0 flail
              (11 damage)
             ... on level 2 of the Dungeon.
             The game lasted 00:03:09 (859 turns).

monsoonserge the Grave Robber (Kobold Necromancer)   Turns: 859, Time: 00:03:09

Health: 0/24       AC:  2    Str:  5    XL:     4   Next: 17%
Magic:  7/8        EV: 15    Int: 18    God:
Gold:   120        SH:  0    Dex: 15    Spells: 4/8 levels left

rFire   . . .        g - +0 dagger (distort)
rCold   . . .        (no shield)
rNeg    . . .        a - +0 robe
rPois   .            (no helmet)
rElec   .            (no cloak)
rCorr   .            (no gloves)
SInv    .            (no boots)
Will    .....        (no amulet)
Stlth   +++          (no ring)
HPRegen 0.24/turn    (no ring)
MPRegen 0.11/turn

%: no passive effects
@: very slightly contaminated
A: small, no large weapons, nightstalker 3
a: no special abilities


You were on level 2 of the Dungeon.
You visited 1 branch of the dungeon, and saw 2 of its levels.

You collected 120 gold pieces.

Inventory:

Hand Weapons
 g - a +0 dagger of distortion (weapon)
Missiles
 h - a throwing net
Armour
 a - a +0 robe (worn)
Scrolls
 d - a scroll of amnesia {unknown}
 e - a scroll of acquirement {unknown}
 i - a scroll of immolation {unknown}
Potions
 b - a potion of magic
 c - a potion of curing {unknown}
 f - a potion of degeneration {unknown}


   Skills:
 + Level 1.0 Short Blades
 + Level 2.9 Dodging
 + Level 3.6 Stealth
 + Level 2.7 Spellcasting
 + Level 4.5 Necromancy


You had 4 spell levels left.
You knew the following spells:

 Your Spells              Type           Power      Damage    Failure   Level
a - Necrotise             Necr           72%        1d7       2%          1
b - Vampiric Draining     Necr           18%        2d7       8%          3

Your spell library contained the following spells:

 Spells                   Type           Power      Damage    Failure   Level
 Animate Dead             Necr           18%        N/A       26%         4
 Agony                    Necr           18%        N/A       58%         5


Dungeon Overview and Level Annotations

Branches:
Dungeon (2/15)

Altars:


Innate Abilities, Weirdness & Mutations

You are small and have problems with some larger weapons.
You are completely attuned to the shadows.


Message History

You hit the goblin.
Space warps around the goblin.
You kill the goblin!
You now have 91 gold pieces (gained 10).
Things that are here:
a +0 club; a +0 sling; a goblin corpse HP restored.
A kobold comes into view. It is wielding a +0 dagger.
The kobold moves out of view.
A quokka comes into view.
Found 16 gold pieces.
You hit the quokka.
The quokka is devoured by a tear in reality.
You now have 107 gold pieces (gained 16).
You now have 120 gold pieces (gained 13).
A gnoll comes into view. It is wielding a +0 spear.
A gnoll comes into view. It is wielding a +0 flail.
A gnoll comes into view. It is wielding a +2 whip of draining.
The helpless gnoll fails to defend itself.
You puncture the gnoll!
Space warps horribly around the gnoll!!
You kill the gnoll!
The gnoll shouts! x2; You hear an angry hiss.
A frilled lizard comes into view.
Your Short Blades skill increases to level 1!
You have reached level 4!
You hit the gnoll but do no damage.
Space warps around the gnoll!
The gnoll is heavily wounded.
The gnoll misses you.
Casting: Necrotise (safe; 2% risk of failure)
Confirm with . or Enter, or press ? or * to list all spells.
Aiming: Necrotise (safe; 2% risk of failure)
Press: ? - help, Shift-Dir - straight line, f - gnoll
Aim: a gnoll, wielding a +0 flail (heavily wounded, chance to affect: 83%)
You miscast Necrotise.
You are very lightly contaminated with residual magic.
Nothing appears to happen.
The gnoll hits you with a +0 flail!
Ouch! That really hurt!
You barely miss the gnoll.
The gnoll is heavily wounded.
The gnoll hits you with a +0 flail!
You die...

..#
##.####...###
####.####...#
............
####.##.#...
#.##.#...
#.#......
..#..#l##
..#......
....@..##
....gg##
.#......
#....###
#.....


You could see 2 gnolls and a frilled lizard.

Vanquished Creatures
  A gnoll (D:2)
  3 dart slugs
  3 endoplasms
  3 giant cockroaches (D:1)
  2 hobgoblins
  7 jackals
  A quokka (D:1)
  2 ball pythons
  3 bats (D:1)
  3 goblins
  2 kobolds (D:1)
  3 rats (D:1)
33 creatures vanquished.

Vanquished Creatures (collateral kills)
  A giant cockroach (D:1)
  A bat (D:1)
  A kobold (D:1)
  2 rats (D:1)
5 creatures vanquished.

Grand Total: 38 creatures vanquished

Notes
Turn   | Place    | Note
-------+----------+-------------------------------------------
     0 | D:1      | monsoonserge the Kobold Necromancer began the quest for the
                  | Orb.
     0 | D:1      | Reached XP level 1. HP: 10/10 MP: 3/3
   137 | D:1      | Reached XP level 2. HP: 8/15 MP: 1/5
   406 | D:1      | Reached XP level 3. HP: 15/19 MP: 6/6
   410 | D:1      | Learned a level 3 spell: Vampiric Draining
   857 | D:2      | Reached skill level 1 in Short Blades
   857 | D:2      | Reached XP level 4. HP: 24/24 MP: 8/8
   859 | D:2      | Slain by a gnoll

Illustrated notes

Levels and vault maps discovered:
D:1:      roderic_chinese_lattice_arrival, layout_basic
D:2:      layout_loops_cross

Skill      XL: |  1  2  3 |
---------------+----------+-----
Stealth        | 3 |  3.6
Short Blades   | 1 |  1.0
Dodging        | |  2.9
Spellcasting   | |  2.7
Necromancy     | |  4.5

Action                     |  1- 3 |  4- 6 || total
---------------------------+-------+-------++-------
  Melee: Dagger            |    51 |     2 ||    53
   Cast: Necrotise         |    15 |       ||    15
   Stab: Sleeping          |    14 |       ||    14
 Armour: Robe              |    11 |       ||    11
  Dodge: Dodged            |    49 |     1 ||    50
